AoeStats
← RogerV

Arena

508920876Analyzed
4v4 RM · 7d ago on Sep 24, 2026· 45m 48s· 8 players
Game mode
Random Map
Map size
Large (8 player)
Population
200
Speed
Normal
Resources
Standard
Victory
Conquest
Starting age
Dark Age
Ending age
Imperial Age
RankedLock teamsTeams togetherTeam positionsShared explorationLock speedFull tech treeHidden civsTurbo modeCheats
Victory
Defeat
🇨🇿 Poles · Czechia
1408
+11
🇳🇱 Khmer · Netherlands
1287
+15
1248
+17
🇵🇪 Sicilians · Peru
1230
+17
🇨🇭 Portuguese · Switzerland
1329
-17
🇷🇴 Bohemians · Romania
1270
-15
🇬🇧 Teutons · United Kingdom
1254
-14
🇨🇭 Slavs · Switzerland
1250
-14
Jadwigga
11:25 Feudal Age
11:54 Feudal Age
13:05 Double-Bit Axe
13:12 Horse Collar
15:48 Castle Age
16:32 Loom
17:47 Fletching
21:52 Town Watch
31:46 Imperial Age
36:00 Imperial Age
39:30 Chemistry
40:24 Scale Mail Armor
40:34 Pikeman
41:15 Squires
41:06 Pikeman
41:53 Squires
dr.schniselx
10:01 Feudal Age
14:26 Castle Age
12:41 Double-Bit Axe
13:12 Horse Collar
15:25 Bow Saw
19:44 Heavy Plow
21:37 Wheelbarrow
21:15 Gold Mining
24:51 Hand Cart
29:34 Imperial Age
27:41 Scale Mail Armor
28:06 Town Watch
28:41 Chain Mail Armor
28:35 Padded Archer Armor
30:35 Ballistics
30:48 Conscription
31:32 Chemistry
32:22 Crop Rotation
32:51 Arquebus
35:42 Elite Organ Gun
38:36 Forging
39:41 Two-Man Saw
39:50 Pikeman
40:15 Gambesons
44:32 Plate Mail Armor
44:37 Iron Casting
SombreWeb
0:26 Loom
10:20 Feudal Age
13:05 Loom
13:20 Fletching
23:18 Castle Age
32:30 Double-Bit Axe
44:44 Horse Collar
optional_cookie
10:06 Feudal Age
13:41 Castle Age
11:41 Double-Bit Axe
14:48 Bow Saw
15:04 Horse Collar
17:21 Loom
20:31 Scale Barding Armor
21:21 Bloodlines
24:05 Wheelbarrow
23:28 Gold Mining
27:08 Imperial Age
25:01 Forging
25:52 Heavy Plow
27:19 Cavalier
28:20 Chain Barding Armor
28:44 Iron Casting
30:10 Plate Barding Armor
30:12 Husbandry
32:21 Heavy Scorpion
35:07 Chemistry
34:28 Ballistics
36:36 Siege Engineers
37:32 Scale Mail Armor
38:33 Blast Furnace
39:17 Detinets
39:50 Chain Mail Armor
40:35 Light Cavalry
42:12 Plate Mail Armor
41:43 Hussar
43:48 Pikeman
44:29 Squires
44:22 Fletching
44:19 Halberdier
44:40 Halberdier
Rakosnik
11:27 Feudal Age
15:06 Castle Age
13:36 Double-Bit Axe
13:37 Horse Collar
14:59 Loom
16:37 Heavy Plow
16:48 Bow Saw
16:36 Stone Mining
23:35 Imperial Age
22:23 Scale Mail Armor
22:19 Fletching
23:13 Scale Mail Armor
24:51 Forging
24:37 Gold Mining
27:17 Chain Mail Armor
28:47 Squires
28:33 Arson
31:16 Iron Casting
31:06 Conscription
33:09 Wheelbarrow
33:11 Plate Mail Armor
35:05 Hand Cart
37:08 Szlachta Privileges
36:24 Elite Obuch
37:26 Scale Barding Armor
38:21 Blast Furnace
37:55 Crop Rotation
37:40 Bloodlines
38:23 Husbandry
37:45 Light Cavalry
37:48 Cavalier
41:08 Chain Barding Armor
41:28 Hoardings
RogerV
10:37 Feudal Age
13:21 Castle Age
11:25 Double-Bit Axe
20:32 Horse Collar
21:03 Bow Saw
21:52 Stone Mining
22:40 Heavy Plow
23:29 Wheelbarrow
24:47 Gold Mining
26:35 Hand Cart
26:55 Loom
27:52 Gold Shaft Mining
30:04 Imperial Age
28:46 Ballistics
28:03 Light Cavalry
29:46 Stone Shaft Mining
30:47 Bloodlines
30:37 Husbandry
30:23 Hussar
31:35 Siege Engineers
31:49 Capped Ram
32:28 Heavy Scorpion
34:10 Siege Ram
36:50 Double Crossbow
38:27 Forging
38:22 Scale Barding Armor
38:18 Scale Mail Armor
41:34 Pikeman
43:12 Scale Barding Armor
43:23 Chain Mail Armor
43:10 Halberdier
boom n type gg noob team
9:38 Feudal Age
9:24 Double-Bit Axe
9:21 Horse Collar
17:32 Castle Age
15:26 Stone Mining
17:40 Bow Saw
17:48 Heavy Plow
19:45 Loom
22:49 Gold Mining
25:51 Gold Shaft Mining
26:04 Wheelbarrow
28:33 Hand Cart
30:55 Imperial Age
29:27 Forging
30:44 Iron Casting
30:10 Pikeman
30:49 Fletching
32:33 Blast Furnace
32:12 Crop Rotation
32:03 Masonry
31:29 Halberdier
32:58 Conscription
32:39 Forced Levy
33:13 Bodkin Arrow
33:32 Onager
34:37 Squires
34:22 Arson
35:12 Bracer
36:10 Padded Archer Armor
38:27 Elite Battle Elephant
39:08 Husbandry
46:01 Conscription
46:21 Scale Barding Armor
变态
5:25 Loom
31:22 Feudal Age
34:19 Town Watch
36:50 Castle Age
36:54 Double-Bit Axe
36:50 Horse Collar
40:52 Bow Saw
40:43 Heavy Plow
42:55 Wheelbarrow
44:33 Hand Cart
45:53 Town Patrol
Connection lost

Rejoining the realm…

Still unreachable

The connection could not be restored.

Session expired

The server has moved on; the page needs a fresh start.